 Dungeon Crawl Stone Soup version 0.29-a0-330-g52719c12eb (webtiles) character file.

Game seed: 17103159733705236765

296 dohliylev the Ruffian (level 6, -5/85 HPs)
             Began as a Troll Warper on May 11, 2022.
             Slain by an orc
             ... wielding a +0 trident
              (7 damage)
             ... on level 4 of the Dungeon.
             The game lasted 00:03:57 (1999 turns).

dohliylev the Ruffian (Troll Warper)                Turns: 1999, Time: 00:03:58

Health: -5/85      AC:  4    Str: 22    XL:     6   Next: 12%
Magic:  7/7        EV: 10    Int:  9    God:
Gold:   265        SH:  0    Dex:  9    Spells: 7/7 levels left

rFire   x . .      SeeInvis .     - Unarmed
rCold   + . .      Faith    .   o - orb {*Rage}
rNeg    . . .      Spirit   .   a - +0 robe
rPois   .          Reflect  .   (helmet restricted)
rElec   .          Harm     .   (no cloak)
rCorr   .          Rampage  .   (gloves unavailable)
Will    .....      Rage     20% (boots unavailable)
Stlth   ..........              (no amulet)
HPRegen 1.04/turn               e - ring of ice
MPRegen 0.10/turn               (no ring)

@: berserking, very quick
A: large, unfitting armour, claws 3, regeneration 1, shaggy fur 1, tough skin 1
a: no special abilities


You were on level 4 of the Dungeon.
You visited 1 branch of the dungeon, and saw 4 of its levels.

You collected 265 gold pieces.

Inventory:

Missiles
 c - 7 boomerangs of dispersal
 f - 6 boomerangs (quivered)
 n - 6 large rocks
Armour
 a - a +0 robe (worn)
 o - an orb of wrath (worn)
Jewellery
 e - a ring of ice (left claw)
 q - a +6 ring of dexterity
Wands
 t - a wand of flame (22)
Scrolls
 b - a scroll of blinking
 g - 2 scrolls of enchant armour {unknown}
 h - a scroll of fear {unknown}
 i - a scroll of magic mapping {unknown}
 j - 2 scrolls of noise {unknown}
 k - 6 scrolls of identify {unknown}
 p - a scroll of fog {unknown}
 s - a scroll of immolation {unknown}
Potions
 d - a potion of cancellation {unknown}
 l - a potion of invisibility {unknown}
 m - a potion of might {unknown}
 r - a potion of curing {unknown}


   Skills:
 + Level 1.9 Fighting
 + Level 1.5 Throwing
 + Level 3.1 Dodging
 + Level 4.6 Unarmed Combat
 + Level 1.4 Spellcasting
 + Level 2.7 Translocations


You had 7 spell levels left.
You didn't know any spells.
Your spell library contained the following spells:

 Spells                   Type           Power      Damage    Failure   Level
 Blink                    Tloc           10%        N/A       19%         2
 Gell's Gravitas          Tloc           5%         N/A       34%         3
 Lesser Beckoning         Tloc           5%         N/A       34%         3
 Teleport Other           Tloc           5%         N/A       34%         3
 Frozen Ramparts          Ice            0%         1d2       71%         3
 Manifold Assault         Tloc           5%         N/A       97%         5
 Ice Form                 Ice/Tmut       0%         N/A       98%         4
 Summon Ice Beast         Ice/Summ       0%         N/A       98%         4


Dungeon Overview and Level Annotations

Branches:
Dungeon (4/15)
 Temple: D:4-7

Altars:
Okawaru

Shops:
D:1 *(


Innate Abilities, Weirdness & Mutations

You are too large for most types of armour.
You have claws for hands.
Your natural rate of healing is unusually fast.
You are covered in fur. (AC +1)
You have tough skin. (AC +1)


Message History

You feel stronger.
The orc priest attacks as you move away!
The orc priest hits you with a +0 dagger.
You feel sick. The orc barely misses you.
You see here a scorpion corpse.
You feel sick. The orc attacks as you move away!
The orc hits you with a +0 war axe!
You feel sick.
The orc priest attacks as you move away!
The orc priest hits you with a +0 dagger.
A kobold comes into view. It is wielding a +0 whip.
Found a ring mail and a scroll labelled MAFAYT BASSO.
You feel sick.
The kobold shouts!
The kobold throws a stone.
The stone hits you but does no damage.
You feel sick. The orc attacks as you move away!
The orc hits you with a +0 war axe.
You feel sick.
You are no longer poisoned.
The orc priest invokes the aid of Beogh against you.
Beogh smites you!
* * * LOW HITPOINT WARNING * * *
A red film seems to cover your vision as you go berserk!
You feel yourself moving faster!
You feel mighty!
You scratch the orc.
The orc is almost dead.
The orc hits you with a +0 war axe!
* * * LOW HITPOINT WARNING * * *
You are too berserk!
You mangle the orc!!
You kill the orc!
The orc hits you with a +0 trident.
* * * LOW HITPOINT WARNING * * *
The orc priest barely misses you.
You see here a +0 war axe.
You barely miss the orc priest. The orc hits you with a +0 trident.
* * * LOW HITPOINT WARNING * * *
The orc priest hits you but does no damage.
You closely miss the orc priest.
The kobold throws a stone.
The stone hits you but does no damage. The orc hits you with a +0 trident!
You die...

##......!#
#.....)#.#
#..###)#.# #...
#.!.# #..#
##†.# #.# ##..#
..#####...#
##.#......o####
#......o@..#
#.......##....#
#........ ..###
#....K..# #..#
#.......# #...
........# .#..
..?..[..# ....
####### #...


You could see an orc priest, an orc and a kobold.

Vanquished Creatures
  A scorpion (D:4)
  An orc priest (D:4)
  A hound (D:4)
  Jessica (D:2)
  2 iguanas (D:4)
  3 adders
  A worm (D:2)
  A dart slug (D:3)
  6 orcs (D:4)
  A bat (D:1)
  7 endoplasms
  5 giant cockroaches
  5 goblins
  4 hobgoblins
  9 jackals
  A quokka (D:1)
  4 ball pythons
  A frilled lizard (D:2)
  7 kobolds
  2 rats
63 creatures vanquished.

Vanquished Creatures (others)
  3 demonic plants (D:1)
  6 fungi
  5 plants (D:1)
  5 toadstools (D:2)
  3 withered plants (D:1)
22 creatures vanquished.

Grand Total: 85 creatures vanquished

Notes
Turn   | Place    | Note
-------+----------+-------------------------------------------
     0 | D:1      | dohliylev the Troll Warper began the quest for the Orb.
     0 | D:1      | Reached XP level 1. HP: 19/19 MP: 1/1
    34 | D:1      | Found a faded altar of an unknown god.
   117 | D:1      | Reached XP level 2. HP: 27/27 MP: 3/3
   160 | D:1      | Found Ixke Ypligg's Antique Weapon Boutique.
   340 | D:1      | Reached XP level 3. HP: 32/33 MP: 4/4
   343 | D:1      | Found Kubra's General Store.
   926 | D:2      | Reached XP level 4. HP: 42/42 MP: 5/5
   994 | D:2      | Noticed Jessica
   999 | D:2      | Killed Jessica
  1000 | D:2      | Reached skill level 3 in Unarmed Combat
  1581 | D:3      | Found an iron altar of Okawaru.
  1912 | D:4      | Reached skill level 1 in Throwing
  1912 | D:4      | Reached XP level 5. HP: 46/49 MP: 6/6
  1931 | D:4      | Reached skill level 4 in Unarmed Combat
  1989 | D:4      | Reached XP level 6. HP: 30/57 MP: 7/7
  1995 | D:4      | HP: 3/85 [orc/+0 war axe (7)]
  1998 | D:4      | HP: 1/85 [orc/+0 trident (2)]
  1999 | D:4      | Slain by an orc

Illustrated notes

Levels and vault maps discovered:
D:1:      heliophobic_arrival_glass_houses, layout_rooms,
          shapermc_ecumenical_altar_gd, serial_shops, nicolae_square_shop,
          nicolae_shop_hallway_stairs
D:2:      layout_loops_ring, minmay_gold_behind_fungi, minmay_misc_feat_iff,
          kennysheep_potato, uniq_jessica
D:3:      layout_loops_cross, okawaru_trees_2
D:4:      layout_rooms, uniq_eustachio

Skill      XL: |  1  2  3  4  5 |
---------------+----------------+-----
Dodging        | 2 3 |  3.1
Unarmed Combat | 3 4 |  4.6
Throwing       | 1 |  1.5
Fighting       | |  1.9
Spellcasting   | |  1.4
Translocations | |  2.7

Action                   |  1- 3 |  4- 6 || total
-------------------------+-------+-------++-------
Melee: Unarmed           |   121 |    48 ||   169
Throw: Boomerang         |       |    18 ||    18
 Stab: Sleeping          |     1 |       ||     1
Armor: Robe              |    49 |     9 ||    58
Dodge: Dodged            |    71 |    17 ||    88

Table legend: (Time is in decaauts)
 A = Elapsed time spent in this place.
 B = Non-inter-level travel time spent in this place.
 C = Inter-level travel time spent in this place.
 D = Time resting spent in this place.
 E = Time spent auto-exploring this place.
 F = Levels seen in this place.
 G = Mean time per level.
                   A        B        C        D        E       F      G
               +--------+--------+--------+--------+--------+-----+--------+
         Total |   2011 |   1946 |     65 |     17 |   1512 |   4 |  502.8 |
       Dungeon |   2011 |   1946 |     65 |     17 |   1512 |   4 |  502.8 |
               +--------+--------+--------+--------+--------+-----+--------+

Top non-repeatable levels by time:
     D:2: 713 daAuts
     D:3: 659 daAuts
     D:1: 537 daAuts
     D:4: 101 daAuts
